 Dungeon Crawl Stone Soup version 0.21.1-1-g345015fe64 (webtiles) character file.

683 DildoBatman the Skirmisher (level 7, -2/56 HPs)
             Began as a Formicid Wizard on May 7, 2018.
             Slain by a worker ant (6 damage)
             ... in the Ecumenical Temple.
             The game lasted 00:19:11 (5355 turns).

DildoBatman the Skirmisher (Formicid Wizard)        Turns: 5355, Time: 00:19:11

Health: -2/56      AC:  8    Str: 10 (11) XL:     7   Next: 93%
Magic:  0/11       EV: 10    Int: 19 (20) God:
Gold:   259        SH:  0    Dex:  7 (9)  Spells: 1/12 levels left

rFire    . . .     SeeInvis +   a - +1 rapier
rCold    . . .     Gourm    .   (no shield)
rNeg     . . .     Faith    .   p - +1 ring mail
rPois    +         Spirit   .   (helmet unavailable)
rElec    .         Reflect  .   h - scarf {cloud immunity}
rCorr    .         Harm     .   (no gloves)
MR       .....                  g - +0 pair of boots
Stlth    +++.......             (no amulet)
HPRegen  0.18/turn              q - ring of stealth
MPRegen  0.12/turn              d - ring of poison resistance

@: no status effects
A: permanent stasis, dig shafts and tunnels, four strong arms, antennae 3
a: Dig, Shaft Self


You were in the Ecumenical Temple.
You were not hungry.

You visited 2 branches of the dungeon, and saw 7 of its levels.

You collected 259 gold pieces.

Inventory:

Hand Weapons
 a - a +1 rapier (weapon)
 b - a +0 shortbow
Missiles
 c - 52 sling bullets
 l - 59 stones (quivered)
 o - 77 bolts
 r - 6 tomahawks
 y - 28 arrows
Armour
 g - a +0 pair of boots (worn)
 h - a scarf of cloud immunity (worn)
 p - a +1 ring mail (worn)
 s - a +0 chain mail of poison resistance
Jewellery
 d - a ring of poison resistance (right hand)
 q - a ring of stealth (left hand)
Scrolls
 e - 3 scrolls of remove curse
 f - a scroll of vulnerability {unknown}
 m - 3 scrolls of enchant armour
 t - a scroll of immolation
 x - a scroll of random uselessness {unknown}
 z - 2 scrolls of identify {unknown}
Potions
 j - a potion of degeneration
 B - a potion of cancellation
Books
 n - a book of Minor Magic

   Spells                             Type                      Level
   a - Magic Dart                     Conjuration                  1
   b - Blink                          Translocation                2
   c - Call Imp                       Summoning                    2
   d - Slow                           Hexes                        2
   e - Conjure Flame                  Conjuration/Fire             3
   f - Mephitic Cloud                 Conjuration/Poison/Air       3
 u - a book of Maledictions

   Spells                             Type                      Level
   a - Corona                         Hexes                        1
   b - Ensorcelled Hibernation        Hexes/Ice                    2
   c - Confuse                        Hexes                        3
   d - Tukima's Dance                 Hexes                        3
   e - Dazzling Spray                 Conjuration/Hexes            3
Comestibles
 v - 9 rations


   Skills:
 * Level 5.5 Fighting
 * Level 4.5 Armour
 * Level 2.5 Dodging
 * Level 4.6 Stealth
 - Level 3.2 Spellcasting
 - Level 2.0 Conjurations
 - Level 1.0 Summonings
   Level 0.8 Translocations


You had one spell level left.
You knew the following spells:

 Your Spells              Type           Power        Failure   Level  Hunger
a - Slow                  Hex            #.......     47%         2    ##.....
b - Confuse               Hex            #.......     71%         3    ###....
c - Magic Dart            Conj           ##..         14%         1    None
e - Mephitic Cloud        Conj/Pois/Air  #.......     61%         3    ###....
f - Call Imp              Summ           #.......     34%         2    ##.....


Dungeon Overview and Level Annotations

Branches:
Dungeon (6/15)             Temple (1/1) D:6

Altars:
Cheibriados
Dithmenos
Fedhas
Gozag
Okawaru
Qazlal

Annotations:
D:2 1 runed door
D:4 exclusion: ice beast, Tegun's ghost, amateur OgSk
D:5 Ijyb
D:6 Edmund


Innate Abilities, Weirdness & Mutations

You cannot be hasted, slowed, berserked, paralysed or teleported.
You can dig through walls and to a lower floor.
Your four strong arms can wield two-handed weapons with a shield.
You have a pair of large antennae on your head. (SInv)


Message History

Confirm with . or Enter, or press ? or * to list all spells.
Aiming: Magic Dart
Press: ? - help, Shift-Dir - straight line, f/p - worker ant
Aim: a worker ant (heavily wounded)
The magic dart hits the worker ant.
The worker ant is heavily wounded.
The worker ant bites you.
The worker ant bites you but does no damage.
The worker ant closely misses you.
Casting: Magic Dart
Confirm with . or Enter, or press ? or * to list all spells.
Aiming: Magic Dart
Press: ? - help, Shift-Dir - straight line, f/p - worker ant
Aim: a worker ant (heavily wounded)
The magic dart hits the worker ant.
The worker ant is heavily wounded.
The worker ant closely misses you. The worker ant closely misses you.
The worker ant bites you.
You die...

♣♣♣♣♣♣♣♣♣♣♣♣♣♣♣
..............P
................
........................
........................
................@.#
................a.#
......♣.♣.♣.♣.♣...#
.⌠................#
..................+
..................+
..................+
.⌠................#
......♣.♣.♣.♣.♣...#


You could see a worker ant.

Vanquished Creatures
  A centaur (D:6)
  A centaur zombie (D:5)
  2 hounds
  A jelly (D:4)
  7 orc wizards
  A centaur skeleton (D:5)
  An orc priest (D:3)
  A worker ant (D:6)
  A hound skeleton (D:4)
  Robin (D:3)
  7 adders
  3 worms
  6 dart slugs
  5 leopard geckos
  9 orcs
  5 giant cockroaches
  17 goblins
  8 hobgoblins
  6 jackals
  A quokka (D:6)
  5 bats
  A frilled lizard (D:5)
  A jackal skeleton (D:4)
  4 kobolds
  7 rats
102 creatures vanquished.

Notes
Turn   | Place    | Note
-------+----------+-------------------------------------------
     0 | D:1      | DildoBatman the Formicid Wizard began the quest for the Orb.
     0 | D:1      | Reached XP level 1. HP: 13/13 MP: 4/4
    64 | D:1      | Reached skill level 1 in Conjurations
   147 | D:1      | Reached skill level 1 in Fighting
   147 | D:1      | Reached XP level 2. HP: 14/21 MP: 3/6
   865 | D:1      | Reached XP level 3. HP: 27/27 MP: 7/7
   982 | D:2      | Found a shadowy altar of Dithmenos.
   990 | D:2      | Reached skill level 2 in Fighting
  1174 | D:2      | Reached XP level 4. HP: 27/34 MP: 0/8
  1235 | D:2      | Found an opulent altar of Gozag.
  1330 | D:2      | Reached skill level 3 in Fighting
  1473 | D:2      | Found an iron altar of Okawaru.
  1761 | D:2      | Found a runed door.
  2059 | D:2      | Reached skill level 1 in Armour
  2059 | D:2      | Reached XP level 5. HP: 21/41 MP: 0/9
  2477 | D:3      | Learned a level 2 spell: Slow
  2481 | D:3      | Learned a level 3 spell: Confuse
  2485 | D:3      | Learned a level 3 spell: Mephitic Cloud
  2718 | D:3      | Reached XP level 6. HP: 47/47 MP: 8/10
  2722 | D:3      | Noticed Robin
  2745 | D:3      | Killed Robin
  2796 | D:3      | Learned a level 2 spell: Call Imp
  3221 | D:4      | Reached skill level 4 in Fighting
  3412 | D:4      | Noticed Tegun's ghost (amateur OgSk)
  3862 | D:4      | Found a snail-covered altar of Cheibriados.
  4082 | D:4      | Reached XP level 7. HP: 39/55 MP: 0/11
  4252 | D:5      | Entered Level 5 of the Dungeon
  4585 | D:5      | Reached skill level 5 in Fighting
  4833 | D:5      | Noticed Ijyb
  4847 | D:5      | Found a stormy altar of Qazlal.
  4915 | D:6      | Noticed Edmund
  5100 | D:6      | Found a blossoming altar of Fedhas.
  5262 | D:6      | Found a staircase to the Ecumenical Temple.
  5329 | Temple   | Entered the Ecumenical Temple
  5343 | Temple   | HP: 2/56 [worker ant (4)]
  5355 | Temple   | Slain by a worker ant

Skill      XL: |  1  2  3  4  5  6  7 |
---------------+----------------------+-----
Conjurations   | 1 2 |  2.0
Fighting       | 1 2 3 4 5 |  5.5
Dodging        | 2 |  2.5
Armour         | 1 2 3 4 |  4.5
Stealth        | 3 4 |  4.6
Spellcasting   | |  3.2
Summonings     | |  1.0
Translocations | |  0.8

Action                   |  1- 3 |  4- 6 |  7- 9 || total
-------------------------+-------+-------+-------++-------
Melee: Hand axe          |     5 |       |       ||     5
       Short sword       |    50 |   120 |     1 ||   171
       Rapier            |       |       |    51 ||    51
       Spear             |       |       |    26 ||    26
 Cast: Magic Dart        |    62 |   144 |    83 ||   289
       Slow              |       |       |     4 ||     4
 Abil: Dig               |       |     1 |     8 ||     9
  Use: Scroll            |       |       |     8 ||     8
       Potion            |       |       |     5 ||     5
 Stab: Sleeping          |       |     5 |       ||     5
  Eat: Chunk             |     1 |     9 |     5 ||    15
Armor: Ring mail         |    28 |    72 |   119 ||   219
Dodge: Dodged            |    48 |   105 |   135 ||   288
